 Dungeon Crawl Stone Soup version 0.21.1-1-g345015f (webtiles) character file.

53813 vatarom the Martial Artist (level 14, -9/124 HPs)
             Began as a Demonspawn Chaos Knight on May 12, 2018.
             Mangled by a catoblepas (13 damage)
             ... on level 6 of the Lair of Beasts.
             The game lasted 00:47:04 (20658 turns).

vatarom the Martial Artist (DsCK)                  Turns: 20658, Time: 00:47:04

Health: -9/124     AC:  4    Str: 15    XL:     14   Next: 32%
Magic:  27/27      EV:  2    Int: 16    God:    Xom [...*..]
Gold:   1207       SH:  0    Dex: 24    Spells: 27/31 levels left

rFire    . . .     SeeInvis +     - Unarmed
rCold    . . .     Gourm    +   a - +1 buckler
rNeg     + + +     Faith    .   c - +0 troll leather armour
rPois    ∞         Spirit   .   (no helmet)
rElec    +         Reflect  .   (no cloak)
rCorr    +         Harm     .   (no gloves)
MR       +....                  (no boots)
Stlth    +++.......             l - amulet of the gourmand
HPRegen  0.70/turn              y - ring of resist corrosion
MPRegen  0.20/turn              n - +4 ring of evasion

@: agile, petrified
A: talons 2, large bone plates 2, see invisible, agile 2, demonic guardian 1,
negative energy resistance 1, poison resistance, powered by pain 2, robust 1,
electricity resistance, strong 1, wild magic 1, MP-powered wands
a: Renounce Religion


You were on level 6 of the Lair of Beasts.
You worshipped Xom.
You were a favourite toy of Xom.
You were very full.

You visited 3 branches of the dungeon, and saw 19 of its levels.

You collected 1207 gold pieces.

Inventory:

Hand Weapons
 r - a +0 blowgun
Missiles
 m - 3 steel tomahawks
 s - 56 poisoned needles
 v - 19 javelins (quivered)
 C - a throwing net
 D - 8 needles of sleeping
Armour
 a - a +1 buckler (worn)
 c - a +0 troll leather armour (worn)
Jewellery
 h - a cursed +3 ring of evasion
 l - an amulet of the gourmand (around neck)
 n - a +4 ring of evasion (right hand)
 y - a ring of resist corrosion (left hand)
 M - the ring "Gonoamih" {rC++ rN+ MR-}
   (You found it on level 4 of the Lair of Beasts)

   [ring of positive energy]

   It greatly protects you from cold.
   It protects you from negative energy.
   It affects your resistance to hostile enchantments.
 N - an uncursed ring of wizardry
Wands
 f - a wand of iceblast (16)
 g - a wand of disintegration (25)
 w - a wand of polymorph (11)
 x - a wand of paralysis (2)
 H - a wand of digging (16)
 O - a wand of enslavement (10)
Scrolls
 e - 2 scrolls of fear
 j - 2 scrolls of enchant weapon
 k - 3 scrolls of amnesia
 o - a scroll of immolation
 p - 5 scrolls of remove curse
 q - a scroll of identify
 z - a scroll of magic mapping
 J - a scroll of blinking
 Q - 2 scrolls of teleportation
Potions
 d - a potion of berserk rage
 i - 3 potions of curing
 u - a potion of haste
 A - a potion of resistance
 E - a potion of lignification
 F - 2 potions of flight
 I - a potion of agility
 L - a potion of brilliance
Books
 t - a book of Misfortune

   Spells                             Type                      Level
   a - Confusing Touch                Hexes                        1
   b - Confuse                        Hexes                        3
   c - Gell's Gravitas                Translocation                3
   d - Petrify                        Transmutation/Earth          4
   e - Metabolic Englaciation         Hexes/Ice                    5
   f - Yara's Violent Unravelling     Hexes/Transmutation          5
 G - a book of Frost

   Spells                             Type                      Level
   a - Freeze                         Ice                          1
   b - Throw Frost                    Conjuration/Ice              2
   c - Ozocubu's Armour               Charms/Ice                   3
   d - Throw Icicle                   Conjuration/Ice              4
   e - Summon Ice Beast               Ice/Summoning                4
 K - a book of Geomancy

   Spells                             Type                      Level
   a - Sandblast                      Earth                        1
   b - Passwall                       Transmutation/Earth          2
   c - Stone Arrow                    Conjuration/Earth            3
   d - Petrify                        Transmutation/Earth          4
   e - Lee's Rapid Deconstruction     Earth                        5
 P - a book of Fire

   Spells                             Type                      Level
   a - Ignite Poison                  Fire/Transmutation/Poison    3
   b - Fireball                       Conjuration/Fire             5
   c - Bolt of Fire                   Conjuration/Fire             6
   d - Ring of Flames                 Charms/Fire                  7
   e - Ignition                       Fire                         8
Miscellaneous
 B - a lightning rod (4/4)
Comestibles
 b - 36 rations


   Skills:
 + Level 11.3 Fighting
 - Level 3.9 Armour
 - Level 9.1 Dodging
 - Level 4.0 Shields
 + Level 12.8 Unarmed Combat
 * Level 9.2 Spellcasting
 * Level 9.8 Transmutations


You had 27 spell levels left.
You knew the following spells:

 Your Spells              Type           Power        Failure   Level  Hunger
a - Petrify               Tmut/Erth      ####....     22%         4    ###....


Dungeon Overview and Level Annotations

Branches:
Dungeon (12/15)            Temple (1/1) D:6            Lair (6/6) D:10
 Shoals (0/4) Lair:2        Snake (0/4) Lair:4        Slime (0/5) Lair:5
    Orc (0/2) D:11

Altars:
Ashenzari
Cheibriados
Dithmenos
Elyvilon
Fedhas
Gozag
Hepliaklqana
Kikubaaqudgha
Makhleb
Nemelex Xobeh
Okawaru
Qazlal
Ru
Sif Muna
Trog
Uskayaw
Vehumet
Wu Jian
Xom
Yredelemnul
Zin
The Shining One

Shops:
D:7 (   D:9 *

Annotations:
Lair:2 exclusion: 3 oklob plants
Lair:3 Nergalle
Lair:4 exclusion: 3 oklob plants


Innate Abilities, Weirdness & Mutations

You have razor-sharp toenails.
You are mostly covered in large bone plates. (SH +6)
A weak demonic guardian rushes to your aid.
You resist negative energy. (rN+)
You sometimes gain power by taking damage.
You have supernaturally acute eyesight. (SInv)
You are very agile. (Dex +4)
Your system is resistant to poisons. (rPois)
You are robust. (+10% HP)
You are resistant to electric shocks. (rElec)
Your muscles are strong. (Str +2)
Your spells are a little harder to cast, but a little more powerful.
You expend magic power (3 MP) to strengthen your wands.


Message History

The blast of calcifying dust hits you!
Your iron imp is engulfed in calcifying dust.
You have turned to stone.
You are engulfed in calcifying dust.
The catoblepas gores you!!
* * * LOW HITPOINT WARNING * * *
You focus on the pain.
You feel agile all of a sudden.
You are engulfed in calcifying dust.
The catoblepas gores you.
* * * LOW HITPOINT WARNING * * *
You are engulfed in calcifying dust.
The catoblepas gores you!!
* * * LOW HITPOINT WARNING * * *
The catoblepas gores you but does no damage.
The catoblepas breathes a plume of calcifying dust at you.
The blast of calcifying dust hits you!
* * * LOW HITPOINT WARNING * * *
You are engulfed in calcifying dust.
The catoblepas gores you!!
* * * LOW HITPOINT WARNING * * *
You are engulfed in calcifying dust.
The catoblepas gores you!!
You die...
Xom roars with laughter!

#.........#.#
..........##
.....#.....# ###
...........## #.#
.......#..#.# #.#
...........## #.#
..........#.# #.#
..........### #5######
.......<...# #@Y....#
...........#####†######
................/.#
...........########
#...#......#
...........#
P...##.#..P#
.PP..#.....#
.F..F...#..#


You could see a catoblepas and a friendly iron imp (petrified).

Vanquished Creatures
  Snorg (Lair:3)
  Josephine (D:11)
  Harold (Lair:1)
  7 hydras
  2 catoblepae (Lair:4)
  A two-headed ogre (D:10)
  6 death yaks
  A lindwurm (Lair:6)
  2 ugly things (D:11)
  A cyclops (D:11)
  8 elephants
  2 merfolk sirens (Lair:2)
  5 black mambas
  Maurice (D:10)
  Joseph (D:7)
  14 spiny frogs
  A yaktaur (Lair:5)
  3 rime drakes
  5 komodo dragons
  3 trolls
  A polar bear (Lair:5)
  3 meliai (Lair:4)
  The ghost of vatarom the Insei, an amateur DsCK of Xom (D:4)
  A queen bee (Lair:4)
  3 merfolk
  20 blink frogs
  8 hippogriffs
  15 dream sheep
  A shadow (D:9)
  A wyvern (Lair:5)
  4 wraiths (D:11)
  19 yaks
  8 basilisks
  A steam dragon (D:9)
  A hungry ghost (D:10)
  4 nagas (Lair:4)
  12 water moccasins
  Duvessa (D:5)
  10 porcupines
  3 orc warriors
  6 sky beasts
  2 ice beasts
  2 slaves (D:5)
  3 black bears
  A phantom (D:9)
  6 ogres
  15 wolves
  5 centaurs
  12 crocodiles
  A big kobold (D:10)
  10 bullfrogs
  A gnoll sergeant (D:8)
  3 scorpions
  58 killer bees
  3 wights (D:9)
  A howler monkey (D:10)
  4 electric eels
  3 centaur zombies
  5 crimson imps
  4 bullfrog zombies
  A quasit (D:9)
  8 hounds
  3 orc priests
  3 bullfrog skeletons
  3 jellies
  14 orc wizards
  6 worker ants
  A hell rat (Lair:4)
  2 iguanas
  A killer bee zombie (D:7)
  A hound skeleton (D:4)
  5 gnolls
  A howler monkey skeleton (D:4)
  17 adders
  A shadow imp (D:11)
  5 white imps (Lair:1)
  3 oozes
  2 adder zombies
  2 worms
  A dart slug (D:3)
  6 leopard geckos
  39 orcs
  A ball python (D:3)
  3 giant cockroaches
  5 hobgoblins
  8 jackals
  A quokka (D:2)
  7 bats
  7 frilled lizards
  5 goblins
  A jackal skeleton (D:7)
  9 kobolds
  A quokka skeleton (D:4)
  5 rats
506 creatures vanquished.

Vanquished Creatures (collateral kills)
  A catoblepas (Lair:6)
  A two-headed ogre (D:10)
  3 spiny frogs
  3 blink frogs
  A fire bat (D:4)
  Grum (D:8)
  A basilisk (Lair:4)
  An ogre (D:9)
  A centaur (D:6)
  2 wolves
  A bullfrog (Lair:4)
  2 killer bees (Lair:4)
  A howler monkey (D:7)
  A bullfrog skeleton (D:6)
  2 hounds
  An orc wizard (D:9)
  A worker ant (D:9)
  4 gnolls
  3 white imps (Lair:1)
  3 leopard geckos
  2 orcs (D:11)
36 creatures vanquished.

Vanquished Creatures (others)
  A blink frog (Lair:6)
  A yak (Lair:6)
  An ogre (D:6)
  A killer bee (D:10)
  2 gnolls (D:8)
  4 white imps (Lair:1)
  3 kobolds (D:10)
  A bush (Lair:5)
  37 fungi
  50 plants
101 creatures vanquished.

Grand Total: 643 creatures vanquished

Notes
Turn   | Place    | Note
-------+----------+-------------------------------------------
     0 | D:1      | vatarom the Demonspawn Chaos Knight began the quest for the Orb.
     0 | D:1      | Reached XP level 1. HP: 18/18 MP: 1/1
    38 | D:1      | XOM: divination: detect creatures
   118 | D:1      | Reached skill level 1 in Dodging
   118 | D:1      | Reached skill level 3 in Unarmed Combat
   183 | D:1      | XOM: harmless Erth miscast
   194 | D:1      | Gained mutation: You sometimes gain a little power by taking damage. [demonic ancestry]
   194 | D:1      | Reached XP level 2. HP: 20/24 MP: 2/2
   237 | D:1      | XOM: harmless Tloc miscast
   279 | D:1      | XOM: harmless Pois miscast
   336 | D:1      | XOM: harmless Conj miscast
   398 | D:1      | XOM: harmless Hex miscast
   444 | D:1      | XOM: noise
   783 | D:2      | Found a stormy altar of Qazlal.
   893 | D:2      | Gained mutation: You have sharp toenails. [demonic ancestry]
   893 | D:2      | Reached XP level 3. HP: 27/29 MP: 3/3
  1486 | D:2      | XOM: cloud trail
  1505 | D:2      | XOM: summons 3 friendly demons
  1520 | D:2      | Reached XP level 4. HP: 12/35 MP: 4/4
  1879 | D:3      | Noticed a black bear
  1887 | D:3      | Killed a black bear
  1887 | D:3      | Reached skill level 4 in Unarmed Combat
  1887 | D:3      | Gained mutation: You have razor-sharp toenails. [demonic ancestry]
  1887 | D:3      | Reached XP level 5. HP: 28/42 MP: 5/5
  1961 | D:3      | XOM: confuse monster(s)
  2075 | D:3      | XOM: noise
  2092 | D:3      | Found a shattered altar of Ashenzari.
  2093 | D:3      | Found a white marble altar of Elyvilon.
  2094 | D:3      | Found a glowing silver altar of Zin.
  2096 | D:3      | Gained mutation: A weak demonic guardian rushes to your aid. [demonic ancestry]
  2096 | D:3      | Reached XP level 6. HP: 32/48 MP: 6/6
  2157 | D:3      | XOM: divination: detect creatures
  2671 | D:3      | Gained mutation: Your spells are a little harder to cast, but a little more powerful. [potion of mutation]
  2671 | D:3      | Gained mutation: You have claws for feet. [potion of mutation]
  2687 | D:3      | XOM: mild Air miscast
  2775 | D:4      | Noticed Edmund
  2777 | D:4      | Noticed Edmund
  2777 | D:4      | Edmund changed into Edmund the acid dragon
  2778 | D:4      | Noticed Edmund
  2778 | D:4      | Edmund the acid dragon changed into Edmund the fire bat
  2778 | D:4      | XOM: polymorph Edmund the acid dragon -> Edmund the fire bat
  2787 | D:4      | Killed Edmund the fire bat
  2787 | D:4      | Reached skill level 5 in Unarmed Combat
  3142 | D:4      | XOM: smoke on damage
  3161 | D:4      | Gained mutation: You are partially covered in large bone plates. (SH +4) [demonic ancestry]
  3161 | D:4      | Reached XP level 7. HP: 21/55 MP: 7/7
  3460 | D:4      | Found a stormy altar of Qazlal.
  3644 | D:4      | Noticed vatarom's ghost (amateur DsCK)
  3665 | D:4      | Killed vatarom's ghost
  3666 | D:4      | XOM: silly message
  3875 | D:4      | XOM: potion effect (invisibility)
  3892 | D:4      | XOM: silly message
  3999 | D:4      | XOM: give mutations
  3999 | D:4      | Gained mutation: You are frail. (-10% HP) [Xom's mischief]
  3999 | D:4      | Lost mutation: You are frail. (-10% HP) [Xom's mischief]
  3999 | D:4      | Gained mutation: You expend magic power (3 MP) to strengthen your wands. [Xom's mischief]
  4009 | D:4      | XOM: stat loss: -1 Str (11/12)
  4187 | D:5      | Entered Level 5 of the Dungeon
  4187 | D:5      | Noticed Duvessa
  4191 | D:5      | Noticed Dowan
  4195 | D:5      | XOM: harmless Summ miscast
  4201 | D:5      | Killed Duvessa
  4201 | D:5      | Reached skill level 5 in Fighting
  4201 | D:5      | Reached skill level 6 in Unarmed Combat
  4201 | D:5      | Reached XP level 8. HP: 61/62 MP: 8/8
  4201 | D:5      | Noticed Dowan
  4201 | D:5      | Dowan changed into Dowan the porcupine
  4201 | D:5      | XOM: polymorph Dowan -> Dowan the porcupine
  4210 | D:5      | Killed Dowan the porcupine
  4304 | D:5      | XOM: polymorph orc wizard -> iguana
  4405 | D:5      | Lost mutation: Your spells are a little harder to cast, but a little more powerful. [potion of mutation]
  4405 | D:5      | Lost mutation: You have claws for feet. [potion of mutation]
  4405 | D:5      | Gained mutation: You are robust. (+10% HP) [potion of mutation]
  4405 | D:5      | Gained mutation: Your system is resistant to poisons. (rPois) [potion of mutation]
  4424 | D:5      | XOM: polymorph shadow imp -> iron imp
  4425 | D:5      | XOM: butterfly on damage
  4432 | D:5      | Reached skill level 5 in Dodging
  4639 | D:5      | Found a shimmering altar of Xom.
  4639 | D:5      | Found a shimmering altar of Xom.
  4642 | D:5      | Found a shimmering altar of Xom.
  4643 | D:5      | Found a shimmering altar of Xom.
  4656 | D:5      | Found a shimmering altar of Xom.
  4658 | D:5      | Found a shimmering altar of Xom.
  4953 | D:6      | Noticed Pikel
  4954 | D:6      | Noticed Pikel
  4954 | D:6      | Pikel changed into Pikel the troll
  4954 | D:6      | XOM: confusion
  5016 | D:5      | XOM: chaos cloud
  5257 | D:4      | XOM: god gift: wand of paralysis (11)
  5405 | D:5      | XOM: confusion
  5427 | D:5      | Killed Pikel the troll
  5583 | D:6      | XOM: mild Ice miscast
  5639 | D:6      | Reached skill level 7 in Unarmed Combat
  5673 | D:6      | XOM: confuse monster(s)
  5687 | D:6      | Reached skill level 1 in Shields
  5853 | D:6      | Found a staircase to the Ecumenical Temple.
  5868 | Temple   | Entered the Ecumenical Temple
  5873 | Temple   | XOM: cloud trail
  5909 | Temple   | XOM: god gift: 3 steel tomahawks
  6423 | D:7      | XOM: harmless Tloc miscast
  6444 | D:7      | Reached XP level 9. HP: 67/75 MP: 9/9
  6514 | D:7      | Noticed Joseph
  6530 | D:7      | Killed Joseph
  6622 | D:7      | XOM: harmless Necr miscast
  6801 | D:7      | XOM: cloud trail
  6882 | D:7      | Found Uneakept's Weapon Boutique.
  7163 | D:7      | Found a sacrificial altar of Ru.
  7166 | D:7      | Found a snail-covered altar of Cheibriados.
  7166 | D:7      | Found a hide-covered altar of Uskayaw.
  7378 | D:7      | XOM: silly message
  7550 | D:8      | Reached skill level 8 in Unarmed Combat
  7559 | D:8      | XOM: fog
  7599 | D:8      | XOM: potion effect (invisibility)
  7666 | D:8      | Noticed Grum
  7680 | D:8      | Killed Grum
  7696 | D:8      | XOM: god gift: lightning rod (4/4)
  7804 | D:8      | XOM: 7-stop teleportation journey
  7896 | D:8      | XOM: summons 2 friendly demons
  7915 | D:8      | XOM: god gift: 54 gold pieces
  7930 | D:8      | Reached XP level 10. HP: 42/84 MP: 4/10
  8011 | D:8      | XOM: divine lightning
  8013 | D:8      | XOM: 3-stop teleportation journey
  8066 | D:8      | XOM: scenery: create altars
  8072 | D:8      | XOM: swap monsters
  8658 | D:9      | Reached skill level 9 in Unarmed Combat
  8664 | D:9      | XOM: harmless Air miscast
  8766 | D:9      | XOM: torment (42/86 hp)
  8800 | D:9      | XOM: medium Chrm miscast
  8914 | D:9      | Noticed a two-headed ogre
  8963 | D:9      | Found Deenub's Assorted Antiques.
  9007 | D:9      | XOM: enchant monster (good)
  9030 | D:9      | XOM: mild Necr miscast
  9070 | D:9      | XOM: mild Chrm miscast
  9071 | D:9      | XOM: harmless Tloc miscast
  9073 | D:9      | XOM: potion effect (heal wounds)
  9077 | D:9      | XOM: confuse monster(s)
  9207 | D:9      | XOM: summons 2 friendly demons
  9477 | D:9      | XOM: potion effect (might)
  9567 | D:9      | Found a burning altar of Makhleb.
  9743 | D:10     | Entered Level 10 of the Dungeon
  9757 | D:9      | Reached skill level 10 in Unarmed Combat
 10137 | D:10     | XOM: swap monsters
 10176 | D:10     | Got a pair of dazzling gloves
 10179 | D:10     | XOM: destruction
 10185 | D:10     | XOM: polymorph iron imp -> crimson imp
 10190 | D:10     | XOM: divination: detect items
 10193 | D:10     | XOM: summons friendly white imp
 10215 | D:10     | Killed a two-headed ogre
 10245 | D:10     | XOM: confuse monster(s)
 10260 | D:10     | XOM: noise
 10264 | D:10     | XOM: noise
 10301 | D:10     | HP: 4/88 [poisoned by a killer bee]
 10309 | D:10     | HP: 4/88 [poisoned by a killer bee]
 10459 | D:10     | XOM: 1-stop teleportation journey
 10460 | D:10     | Noticed a two-headed ogre
 10577 | D:10     | XOM: 2-stop teleportation journey
 10624 | D:10     | XOM: 2-stop teleportation journey
 10629 | D:10     | XOM: summons 2 friendly demons
 10639 | D:10     | XOM: noise
 10640 | D:10     | XOM: polymorph hound -> howler monkey
 10673 | D:10     | Identified the +0 pair of gloves of the Furies {*Corrode rElec Str+5} (You found it on level 10 of the Dungeon)
 11063 | D:10     | Gained mutation: You sometimes gain power by taking damage. [demonic ancestry]
 11063 | D:10     | Reached XP level 11. HP: 91/95 MP: 11/11
 11074 | D:10     | XOM: smoke on damage
 11108 | D:10     | Noticed Maurice
 11108 | D:10     | XOM: enchant monster (good)
 11110 | D:10     | XOM: potion effect (might)
 11117 | D:10     | Killed Maurice
 11353 | D:10     | XOM: potion effect (invisibility)
 11365 | D:10     | Killed a two-headed ogre
 11383 | D:10     | XOM: 2-stop teleportation journey
 11571 | D:10     | Found a staircase to the Lair.
 11686 | D:10     | XOM: chaos upgrade
 11822 | D:10     | Learned a level 4 spell: Petrify
 12036 | D:11     | XOM: confusion (+ monsters)
 12039 | D:11     | XOM: scenery: create altars
 12052 | D:11     | Noticed Josephine
 12053 | D:11     | XOM: summons friendly shadow imp
 12058 | D:11     | XOM: summons friendly crimson imp
 12061 | D:11     | Killed Josephine
 12061 | D:11     | Reached skill level 11 in Unarmed Combat
 12061 | D:11     | Reached skill level 1 in Transmutations
 12077 | D:11     | XOM: potion effect (brilliance)
 12078 | D:11     | XOM: noise
 12207 | D:11     | XOM: mild Chrm miscast
 12312 | D:11     | XOM: mild Tmut miscast
 12316 | D:11     | Noticed a white ugly thing
 12333 | D:11     | XOM: divination: detect items
 12342 | D:11     | XOM: cast spell 'Monstrous Menagerie'
 12344 | D:11     | Killed a white ugly thing
 12354 | D:11     | XOM: fog
 12744 | D:11     | Noticed a green ugly thing
 12745 | D:11     | XOM: potion effect (brilliance)
 12761 | D:11     | Killed a green ugly thing
 12816 | D:11     | XOM: god gift: ration
 12936 | D:11     | Reached skill level 1 in Spellcasting
 13112 | D:11     | Found a staircase to the Orcish Mines.
 13412 | Lair:1   | Entered Level 1 of the Lair of Beasts
 13499 | Lair:1   | XOM: harmless Pois miscast
 13518 | Lair:1   | Found a frozen archway.
 13519 | Lair:1   | Noticed Harold
 13535 | Lair:1   | XOM: scenery: 1 doors open
 13536 | Lair:1   | XOM: butterfly on damage
 13537 | Lair:1   | XOM: destruction
 13549 | Lair:1   | Killed Harold
 13665 | Lair:1   | XOM: give mutations
 13665 | Lair:1   | Gained mutation: You are resistant to electric shocks. (rElec) [Xom's grace]
 13665 | Lair:1   | Gained mutation: Your muscles are strong. (Str +2) [Xom's grace]
 13665 | Lair:1   | Gained mutation: Your spells are a little harder to cast, but a little more powerful. [Xom's grace]
 13665 | Lair:1   | Gained mutation: You are agile. (Dex +2) [Xom's grace]
 13692 | Lair:1   | XOM: give mutations
 13692 | Lair:1   | Gained mutation: You are very agile. (Dex +4) [Xom's grace]
 13692 | Lair:1   | Gained mutation: You have supernaturally acute eyesight. (SInv) [Xom's grace]
 13928 | Lair:1   | Got an encrusted leather armour
 13939 | Lair:1   | Identified the cursed +0 leather armour "Yptaed" {rElec rN+ Stlth-} (You found it on level 1 of the Lair of Beasts)
 14053 | Lair:1   | Noticed a four-headed hydra
 14057 | Lair:1   | XOM: polymorph white imp -> quasit
 14062 | Lair:1   | XOM: swap monsters
 14065 | Lair:1   | XOM: divination: detect creatures
 14079 | Lair:1   | XOM: smoke on damage
 14081 | Lair:1   | Killed a four-headed hydra
 14081 | Lair:1   | Gained mutation: You are mostly covered in large bone plates. (SH +6) [demonic ancestry]
 14081 | Lair:1   | Reached XP level 12. HP: 73/105 MP: 16/16
 14332 | Lair:2   | Noticed a seven-headed hydra
 14342 | Lair:2   | Killed a seven-headed hydra
 14504 | Lair:2   | Found a staircase to the Shoals.
 14515 | Lair:2   | XOM: blink monster(s)
 14517 | Lair:2   | XOM: medium Air miscast
 14536 | Lair:2   | Noticed a four-headed hydra
 14551 | Lair:2   | Killed a four-headed hydra
 14551 | Lair:2   | Reached skill level 5 in Transmutations
 14582 | Lair:2   | XOM: harmless Chrm miscast
 15150 | Lair:2   | XOM: medium Fire miscast
 15162 | Lair:2   | XOM: summons friendly iron imp
 15403 | Lair:3   | XOM: blink monster(s)
 15411 | Lair:2   | XOM: scenery: 1 doors open
 15484 | Lair:3   | XOM: scenery: create altars
 15514 | Lair:3   | XOM: potion effect (curing)
 15587 | Lair:3   | XOM: harmless Air miscast
 15651 | Lair:3   | Noticed Snorg
 15665 | Lair:3   | Killed Snorg
 15717 | Lair:3   | XOM: potion effect (brilliance)
 15734 | Lair:3   | Reached skill level 5 in Spellcasting
 15776 | Lair:3   | XOM: divination: detect creatures
 15949 | Lair:3   | Reached skill level 10 in Fighting
 15980 | Lair:3   | XOM: harmless Fire miscast
 16008 | Lair:3   | Noticed Nergalle
 16008 | Lair:3   | XOM: harmless Necr miscast
 16018 | Lair:3   | XOM: confuse monster(s)
 16065 | Lair:3   | XOM: scenery: create altars
 16110 | Lair:3   | XOM: harmless Ice miscast
 16161 | Lair:4   | XOM: smoke on damage
 16172 | Lair:4   | XOM: enchant monster (bad)
 16248 | Lair:4   | XOM: god gift: ration
 16313 | Lair:4   | XOM: enchant monster (bad)
 16324 | Lair:4   | Reached skill level 12 in Unarmed Combat
 16451 | Lair:4   | Found a staircase to the Snake Pit.
 16457 | Lair:4   | Gained mutation: You resist negative energy. (rN+) [demonic ancestry]
 16457 | Lair:4   | Reached XP level 13. HP: 113/113 MP: 18/22
 16504 | Lair:4   | XOM: snakes to sticks
 16506 | Lair:4   | XOM: summons friendly white imp
 16507 | Lair:4   | XOM: 7-stop teleportation journey
 16527 | Lair:4   | XOM: potion effect (curing)
 16550 | Lair:4   | XOM: enchant monster (bad)
 16591 | Lair:4   | XOM: smoke on damage
 16612 | Lair:4   | XOM: cast spell 'Call Canine Familiar'
 16687 | Lair:4   | XOM: harmless Ice miscast
 16811 | Lair:4   | XOM: cast spell 'Olgreb's Toxic Radiance'
 16834 | Lair:4   | XOM: divination: detect creatures
 16846 | Lair:4   | XOM: 3-stop teleportation journey
 16938 | Lair:4   | Got a flickering lead ring
 16945 | Lair:4   | Identified the ring "Gonoamih" {rC++ rN+ MR-} (You found it on level 4 of the Lair of Beasts)
 17038 | Lair:4   | XOM: divination: detect items
 17042 | Lair:4   | XOM: divination: detect creatures
 17125 | Lair:4   | XOM: harmless Tloc miscast
 17381 | Lair:4   | XOM: potion effect (agility)
 17499 | Lair:4   | XOM: harmless Tloc miscast
 17742 | Lair:4   | XOM: enchant monster (good)
 18054 | Lair:5   | XOM: polymorph polar bear -> yaktaur
 18491 | Lair:5   | XOM: harmless Fire miscast
 18496 | Lair:5   | XOM: summons 3 hostile shadow creatures
 18509 | Lair:5   | XOM: summons 1 hostile demon
 18594 | Lair:4   | XOM: summons 4 hostile shadow creatures
 18730 | Lair:5   | XOM: chaos cloud
 18757 | Lair:5   | XOM: 2-stop teleportation journey
 18807 | Lair:5   | Found a staircase to the Slime Pits.
 18876 | Lair:5   | XOM: noise
 18885 | Lair:5   | XOM: smoke on damage
 18919 | Lair:5   | XOM: 8-stop teleportation journey
 19008 | Lair:5   | XOM: summons 3 friendly demons
 19038 | Lair:5   | XOM: confuse monster(s)
 19046 | Lair:5   | XOM: scenery: create altars
 19166 | Lair:5   | XOM: fog
 19180 | Lair:5   | XOM: summons 3 friendly demons
 19224 | Lair:5   | Reached XP level 14. HP: 86/124 MP: 19/26
 19646 | Lair:6   | Entered Level 6 of the Lair of Beasts
 19648 | Lair:6   | XOM: harmless Summ miscast
 19666 | Lair:5   | XOM: scenery: create altars
 19694 | Lair:6   | XOM: smoke on damage
 19702 | Lair:6   | XOM: cleaving
 19891 | Lair:6   | XOM: polymorph ufetubus -> shadow imp
 19900 | Lair:6   | XOM: enchant monster (good)
 19996 | Lair:6   | XOM: cast spell 'Dispersal'
 20126 | Lair:6   | XOM: divine lightning
 20136 | Lair:6   | XOM: divine lightning
 20159 | Lair:6   | XOM: summons 2 friendly demons
 20178 | Lair:6   | XOM: god gift: short bronze wand {god gift}
 20196 | Lair:6   | XOM: summons friendly iron imp
 20211 | Lair:6   | XOM: summons 1 friendly demon
 20252 | Lair:6   | XOM: fog
 20410 | Lair:6   | XOM: cleaving
 20425 | Lair:6   | XOM: scenery: 3 fountains blood, 1 doors open
 20505 | Lair:6   | XOM: cloud trail
 20574 | Lair:6   | XOM: enchant monster (bad)
 20657 | Lair:6   | HP: 3/124 [catoblepas (14)]
 20658 | Lair:6   | Mangled by a catoblepas

Skill      XL: |  1  2  3  4  5  6  7  8  9 10 11 12 13 14 |
---------------+-------------------------------------------+-----
Dodging        | 1 2 3 4 5 6 7 8 9 |  9.1
Unarmed Combat | 3 4 5 6 7 8 10 11 12 | 12.8
Fighting       | 4 5 6 8 9 10 11 | 11.3
Armour         | 2 3 |  3.9
Shields        | 1 4 |  4.0
Transmutations | 4 6 9 |  9.8
Spellcasting   | 3 6 8 9 |  9.2

Action                   |  1- 3 |  4- 6 |  7- 9 | 10-12 | 13-15 || total
-------------------------+-------+-------+-------+-------+-------++-------
Melee: Unarmed           |   141 |   180 |   414 |  1112 |   705 ||  2552
       Punch             |     3 |     2 |    12 |     6 |       ||    23
       Kick              |    10 |    41 |   106 |   331 |   296 ||   784
 Fire: Blowgun           |       |       |     2 |     8 |       ||    10
Throw: Javelin           |       |       |     1 |     6 |     7 ||    14
       Throwing net      |       |       |       |     3 |       ||     3
 Cast: Petrify           |       |       |       |     1 |       ||     1
Evoke: Wand              |       |     4 |     9 |    23 |    17 ||    53
       Lightning rod     |       |       |     2 |     8 |     3 ||    13
  Use: Scroll            |     3 |     2 |    10 |    17 |     6 ||    38
       Potion            |       |     3 |     6 |     5 |     2 ||    16
 Stab: Confused          |       |     1 |       |     6 |       ||     7
       Paralysed         |       |       |     3 |     1 |       ||     4
       Distracted        |       |       |     1 |    13 |    10 ||    24
       Invisible         |       |       |     5 |     3 |       ||     8
       Petrified         |       |       |       |     1 |     2 ||     3
       Held in net/web   |       |       |       |     1 |       ||     1
  Eat: Chunk             |     5 |     6 |    21 |    31 |     7 ||    70
       Ration            |       |       |       |     1 |     2 ||     3
Armor: Leather armour    |    51 |    53 |       |       |       ||   104
       Scale mail        |       |    15 |   140 |    76 |       ||   231
       Troll leather arm |       |       |       |    31 |    36 ||    67
       Skin              |       |       |       |    13 |       ||    13
Dodge: Dodged            |    94 |    96 |   290 |   638 |   466 ||  1584
Block: Other             |       |       |    72 |    33 |       ||   105
       Buckler           |       |       |       |   379 |   370 ||   749
